[Event "Titled Tuesday Blitz November 08 Late 2022"]
[White "Pniaczek, Marek"]
[Black "Kopacz, Grzegorz"]
[WhiteFideId "21800421"]
[BlackFideId "1109880"]
[WhiteElo "2138"]
[BlackElo "2037"]
[Result "1-0"]
[Round "07"]
[TimeControl "180+1"]
[Date "2022.11.09"]
[WhiteClock "0:00:04"]
[BlackClock "0:00:54"]

1. e4 c5 2. Nf3 Nc6 3. d4 cxd4 4. Nxd4 e5 5. Nb5 d6 6. c4 a6 7. N5c3 Be7 8. Nd5 Be6 9. Nbc3 Nf6 10. Bd3 O-O 11. O-O Rc8 12. Be3 Nd7 13. Nxe7+ Qxe7 14. Nd5 Qd8 15. a4 f5 16. exf5 Bxf5 17. Bxf5 Rxf5 18. Qg4 Qf8 19. b4 Nd8 20. Qxf5 Qxf5 21. Ne7+ Kf7 22. Nxf5 Ke6 23. Nxg7+ Kf7 24. Nf5 Ke6 25. Ng3 Rxc4 26. b5 a5 27. Rfc1 Rb4 28. Rc8 Nf7 29. Re8+ Kf6 30. Bd2 Rb2 31. Bxa5 d5 32. Bd8+ Kg6 33. Re6+ Kg7 34. Re7 Nc5 35. Bb6 Nb3 36. Re1 Kf6 37. Rxb7 Ra2 38. a5 Nd6 39. Bd8+ Kg6 40. Rb6 d4 41. Rxd6+ Kf7 42. b6 Nxa5 43. b7 Nxb7 44. Rd7+ Ke8 45. Rxb7 Kxd8 46. Rxe5 Kc8 47. Rb1 d3 48. Rd1 d2 49. Rd5 Kc7 50. R5xd2 Ra3 51. Rd3 Ra2 52. h3 h5 53. Nxh5 Rb2 54. Ng3 Ra2 55. h4 Ra5 56. h5 Rg5 57. h6 Rg4 58. h7 Rh4 59. Rd7+ Kc6 60. Rg7 Kc5 61. Rd8 Kc4 62. h8=R Rf4 63. Ne2 Re4 64. Kf1 Re5 65. f4 Re6 66. Kf2 Kb5 67. f5 Re5 68. g4 Re4 69. Kf3 Ra4 70. f6 Ra1 71. f7 Rf1+ 72. Kg2 Rf6 73. f8=R Re6 74. Nf4 Re3 75. Kf2 Rc3 76. g5 Rc2+ 77. Kg3 Rc3+ 78. Kg4 Rc1 79. Re7 Rg1+ 80. Kf5 Rc1 81. g6 Rc5+ 82. Kf6 Rc6+ 83. Ne6 Rc1 84. g7 Rf1+ 85. Ke5 Re1+ 86. Kf4 Rf1+ 87. Ke3 Re1+ 88. Kf2 Rg1 89. g8=R Rd1 90. Nd4+ Kc4 91. Ne2 Ra1 92. Ree8 Ra7 93. Rc8+ Kb3 94. Red8 Re7 95. Rb8+ Ka3 96. Ra8+ Kb2 97. Rdb8+ Kc2 98. Rfc8+ Kd3 99. Rgd8+ Ke4 100. Rhe8 Kf5 101. Rxe7 Kf6 102. Rdd7 Kf5 103. Rc6 Kg5 104. Rb5+ Kg4 105. Ra4+ Kh3 106. Ng1+ Kh2 107. Nf3+ Kh3 108. Ng5+ Kh2 109. Rh4# 1-0


[Site "https://www.chess.com"]

[Event "Titled Tuesday Blitz November 08 Late 2022"]
[White "Postnikov, Daniil"]
[Black "Kosakowski, Jakub"]
[WhiteFideId "4166329"]
[BlackFideId "1185080"]
[WhiteElo "2261"]
[BlackElo "2463"]
[Result "0-1"]
[Round "07"]
[TimeControl "180+1"]
[Date "2022.11.08"]
[WhiteClock "0:01:45"]
[BlackClock "0:02:21"]

1. e4 c6 2. d4 d5 3. e5 Bf5 4. Nf3 e6 5. Be2 Ne7 6. O-O c5 7. c3 Nd7 8. Be3 Nc6 9. a3 Be7 10. b4 cxd4 11. cxd4 O-O 12. Nc3 Rc8 13. Rc1 Nb6 14. Nd2 f6 15. exf6 Bxf6 16. Nb3 Nc4 17. Bxc4 dxc4 18. b5 cxb3 19. bxc6 b2 20. cxb7 bxc1=Q 21. bxc8=Q Qxd1 22. Qxd8 Qxf1+ 23. Kxf1 Rxd8 0-1


[Site "https://www.chess.com"]

[Event "Titled Tuesday Blitz November 08 Late 2022"]
[White "Prem, Pranav"]
[Black "Ferreira, Vitor Hugo Vieira"]
[WhiteFideId "30901057"]
[BlackFideId "2119765"]
[WhiteElo "1970"]
[BlackElo "2168"]
[Result "1-0"]
[Round "07"]
[TimeControl "180+1"]
[Date "2022.11.09"]
[WhiteClock "0:00:30"]
[BlackClock "0:01:30"]

1. d4 d5 2. c4 c6 3. Nf3 Nf6 4. e3 e6 5. b3 Nbd7 6. Bb2 Bd6 7. Bd3 O-O 8. Nbd2 b6 9. O-O Bb7 10. Ne5 c5 11. cxd5 exd5 12. f4 Ne4 13. Nxe4 dxe4 14. Bc4 a6 15. Qh5 Qe7 16. Nxd7 Qxd7 17. dxc5 Bxc5 18. Qg5 Bxe3+ 19. Kh1 Bd4 20. Rad1 h6 21. Qg3 Rad8 22. Bxd4 Qxd4 23. Rxd4 Rxd4 24. f5 Kh8 25. f6 g6 26. Qc7 Bd5 27. Qd6 Re8 28. Bxd5 e3 29. Qd7 Rf8 30. Qe7 Kg8 31. Qxe3 Rxd5 32. Qxh6 Rf5 33. Qg7# 1-0


[Site "https://www.chess.com"]

[Event "Titled Tuesday Blitz November 08 Late 2022"]
[White "Przybylski, Wojciech"]
[Black "Yano, William Jorge Froes"]
[WhiteFideId "1117599"]
[BlackFideId "2112949"]
[WhiteElo "2221"]
[BlackElo "2122"]
[Result "1-0"]
[Round "07"]
[TimeControl "180+1"]
[Date "2022.11.09"]
[WhiteClock "0:00:30"]
[BlackClock "0:00:06"]

1. e4 e6 2. d4 d5 3. Nc3 Bb4 4. e5 c5 5. a3 Ba5 6. b4 cxd4 7. Nb5 Bc7 8. f4 a5 9. Nxc7+ Qxc7 10. b5 a4 11. Bd3 Ne7 12. Ne2 Bd7 13. Nxd4 Qc3+ 14. Bd2 Qxd4 15. Rb1 Qb6 16. Qg4 g6 17. Qg5 Na6 18. Ke2 Nc5 19. Be3 Ra5 20. Bd2 Ra8 21. Be3 Nf5 22. Bf2 Ra5 23. g4 Ne7 24. Qf6 Rg8 25. Bh4 Nc8 26. Rhd1 Nxd3 27. cxd3 Rxb5 28. Rdc1 Rb2+ 29. Kf3 1-0


[Site "https://www.chess.com"]

[Event "Titled Tuesday Blitz November 08 Late 2022"]
[White "Rasulov, Vugar"]
[Black "Kollars, Dmitrij"]
[WhiteFideId "13402390"]
[BlackFideId "12909572"]
[WhiteElo "2509"]
[BlackElo "2584"]
[Result "0-1"]
[Round "07"]
[TimeControl "180+1"]
[Date "2022.11.08"]
[WhiteClock "0:00:06"]
[BlackClock "0:00:08"]

1. d4 Nf6 2. c4 e6 3. Nf3 d5 4. Nc3 dxc4 5. e4 Bb4 6. Bg5 h6 7. Bxf6 Qxf6 8. Bxc4 c5 9. O-O cxd4 10. e5 Qd8 11. Ne4 Nc6 12. Qe2 a6 13. Rfd1 b5 14. Bd3 Bb7 15. Ng3 Be7 16. Be4 Qb6 17. Nh5 g6 18. Nf6+ Bxf6 19. exf6 O-O-O 20. Rac1 Kb8 21. Bxc6 Bxc6 22. Ne5 Be8 23. h3 Rd5 24. Qe4 Qd6 25. f4 g5 26. g3 h5 27. a4 h4 28. axb5 axb5 29. Ra1 hxg3 30. Rxd4 Qc5 31. Nf3 Bc6 32. b4 Qb6 33. fxg5 Rxh3 34. Kg2 Rxd4 35. Qe5+ Kb7 36. Kxh3 Bxf3 37. g6 Rd2 38. Kh4 Rh2+ 39. Kxg3 Qf2+ 40. Kf4 Bd5+ 41. Kg5 Qg2+ 42. Kf4 Qf3+ 43. Kg5 Rh5# 0-1


[Site "https://www.chess.com"]

[Event "Titled Tuesday Blitz November 08 Late 2022"]
[White "Reprintsev, Alexander"]
[Black "Aghasiyev, Kamal"]
[WhiteFideId "14100541"]
[BlackFideId "13402854"]
[WhiteElo "2230"]
[BlackElo "2341"]
[Result "1/2-1/2"]
[Round "07"]
[TimeControl "180+1"]
[Date "2022.11.09"]
[WhiteClock "0:00:05"]
[BlackClock "0:00:07"]

1. e4 b6 2. b3 Bb7 3. Qe2 e6 4. Bb2 c5 5. f4 Nc6 6. Nf3 Nf6 7. g3 Be7 8. Bg2 O-O 9. e5 Nd5 10. c4 Ndb4 11. d3 Nd4 12. Nxd4 Bxg2 13. Qxg2 Nxd3+ 14. Kd2 Nxb2 15. Nb5 a6 16. N5c3 d6 17. Kc2 Nd3 18. Kxd3 dxe5+ 19. Kc2 Qc7 20. Nd2 exf4 21. gxf4 Qxf4 22. Raf1 Qh4 23. Nf3 Qh5 24. Rhg1 g6 25. Qg4 Qxg4 26. Rxg4 f5 27. Rg2 Bf6 28. Re1 Rfe8 29. Rge2 Kf7 30. Na4 Rab8 31. Ne5+ Bxe5 32. Rxe5 Kf6 33. Nb2 g5 34. Nd3 Rbd8 35. R5e3 Rd4 36. Ne5 Red8 37. R1e2 R8d6 38. Rh3 Re4 39. Rxe4 fxe4 40. Ng4+ Kg6 41. Rh6+ Kf5 42. h3 Kf4 43. Rxh7 e3 44. Rf7+ Ke4 45. Rf1 Rd2+ 46. Kc3 Rd3+ 47. Kc2 Rd2+ 48. Kc3 b5 49. cxb5 axb5 50. a4 Rd3+ 51. Kc2 bxa4 52. bxa4 Ra3 53. Rf6 Kd5 54. Rg6 e2 55. Kd2 Rxh3 56. Rxg5+ Kd4 57. Re5 Ra3 58. Rxe2 Rxa4 59. Rxe6 Ra2+ 60. Kc1 c4 61. Ne3 Ra8 62. Nc2+ Kd5 63. Rh6 Re8 64. Kd2 Rg8 65. Rh5+ Kc6 66. Kc3 Rg3+ 67. Kxc4 Rg4+ 68. Nd4+ Kd6 69. Rd5+ Kc7 70. Kc5 Rg1 71. Ne6+ Kb7 72. Kd6 Rb1 73. Kd7 Kb6 74. Kd6 Kb7 75. Nc5+ Kb6 76. Nd7+ Kb7 77. Ne5 Kb6 78. Rd3 Kb7 79. Kd7 Kb6 80. Rd5 Kb7 81. Nc4 Rb4 82. Rc5 Rb1 83. Rc6 Rd1+ 84. Nd6+ Ka7 85. Kc7 Ra1 86. Nb5+ Ka8 87. Kb6 Kb8 88. Rf6 Rc1 89. Rf8+ Rc8 90. Rf7 Rc1 91. Rb7+ Kc8 92. Rg7 Kd8 93. Nd6 Rc2 94. Ne4 Rc1 95. Nc5 Rc2 96. Kc6 Ke8 97. Kd6 Kf8 98. Ra7 Re2 99. Ne6+ Kg8 100. Ke7 Rf2 101. Ra4 Rf7+ 102. Kd6 Rf1 103. Rg4+ Kh7 104. Ke7 Kh6 105. Rg3 Kh5 106. Rg8 Kh4 107. Rg7 Kh3 108. Rg8 Kh4 109. Kd6 Kh3 110. Ke5 Kh4 111. Nd4 Kh3 112. Nf5 Kh2 113. Kf6 Rg1 114. Rh8+ Kg2 115. Ke5 Kf3 116. Nd4+ Ke3 117. Rh3+ 1/2-1/2


[Site "https://www.chess.com"]

[Event "Titled Tuesday Blitz November 08 Late 2022"]
[White "Ristic, Nebojsa B"]
[Black "Aguilar, Juan"]
[WhiteFideId "935468"]
[BlackFideId "3800091"]
[WhiteElo "2320"]
[BlackElo "2421"]
[Result "1-0"]
[Round "07"]
[TimeControl "180+1"]
[Date "2022.11.09"]
[WhiteClock "0:01:23"]
[BlackClock "0:00:03"]

1. d4 Nf6 2. Bf4 c5 3. e3 Nd5 4. Bg3 Qb6 5. b3 cxd4 6. exd4 Nc6 7. Nf3 d6 8. Bd3 Bg4 9. c3 g6 10. h3 Bxf3 11. Qxf3 Nf6 12. Nd2 Bg7 13. Nc4 Qd8 14. h4 h5 15. O-O O-O 16. Rfe1 Rc8 17. a4 Re8 18. Rac1 a6 19. Bf4 b5 20. axb5 axb5 21. Ne3 b4 22. d5 Na5 23. cxb4 Nxb3 24. Rxc8 Qxc8 25. Bc4 Nd2 26. Qe2 Nxc4 27. Qxc4 Qxc4 28. Nxc4 Nxd5 29. Nxd6 Ra8 30. Nc4 Nxf4 31. Rxe7 Bf8 32. Re4 Nd5 33. b5 Nc3 34. Re5 Rb8 35. b6 Rxb6 36. Nxb6 Bg7 37. Re8+ Kh7 38. Re7 Kg8 39. Nd7 Nd5 40. Re8+ Kh7 41. Nf8+ Kh6 42. Rd8 Nf4 43. g3 Ne2+ 44. Kf1 Nd4 45. Nd7 Ne6 46. Ra8 Bd4 47. Ra5 Kg7 48. Ne5 Kf6 49. Nf3 Bc3 50. Ra6 Kg7 51. Ke2 Nc5 52. Rc6 Bb4 53. Ng5 Nd7 54. Rc7 Ne5 55. f4 1-0


[Site "https://www.chess.com"]

[Event "Titled Tuesday Blitz November 08 Late 2022"]
[White "Rodriguez Fontecha, Marcos"]
[Black "Haszon, David"]
[WhiteFideId "2256576"]
[BlackFideId "733610"]
[WhiteElo "2263"]
[BlackElo "2211"]
[Result "0-1"]
[Round "07"]
[TimeControl "180+1"]
[Date "2022.11.09"]
[WhiteClock "0:00:11"]
[BlackClock "0:00:20"]

1. d4 Nf6 2. Nf3 g6 3. Bg5 Ne4 4. Bf4 Bg7 5. Nbd2 d5 6. Nxe4 dxe4 7. Ne5 Nc6 8. e3 O-O 9. Bc4 Nxe5 10. Bxe5 c5 11. O-O cxd4 12. Bxd4 Bxd4 13. Qxd4 Qxd4 14. exd4 Kg7 15. Rae1 Bf5 16. g4 Bxg4 17. Rxe4 Rac8 18. Bb3 Be6 19. d5 Bh3 20. Rfe1 e6 21. d6 Bf5 22. d7 Rc7 23. Rd4 Rd8 24. Red1 Kf6 25. c3 Ke7 26. Ba4 a6 27. c4 e5 28. Rd5 Rxc4 29. Rxe5+ Be6 30. Bb3 Rc6 31. Re3 Rxd7 32. Rxd7+ Kxd7 33. Bd1 Bxa2 34. b3 Bb1 35. Kg2 Bf5 36. Kg3 Be6 37. Bf3 Rd6 38. Bxb7 Rb6 39. Rd3+ Ke7 40. Bd5 Bxd5 41. Rxd5 Rxb3+ 42. f3 Rb7 43. Ra5 Ra7 44. Kf4 Kd6 45. Kg5 h5 46. Kf6 Kc6 47. Ra1 a5 48. Rc1+ Kd5 49. Rd1+ Kc4 50. Rc1+ Kd3 51. Rd1+ Ke2 52. Ra1 Kxf3 53. Ra4 Ke3 54. h4 Kd3 55. Ra3+ Kc4 56. Ra4+ Kb5 57. Ra1 a4 58. Rb1+ Kc4 59. Rc1+ Kb3 60. Rb1+ Kc2 61. Rb8 a3 62. Rc8+ Kd3 63. Rd8+ Ke4 64. Re8+ Kf4 65. Re1 a2 66. Ra1 Ke4 67. Kg7 Kd4 0-1


[Site "https://www.chess.com"]

[Event "Titled Tuesday Blitz November 08 Late 2022"]
[White "Rodriguez Santiago, Jaime"]
[Black "Adel, Sara"]
[WhiteFideId "3100898"]
[BlackFideId "10616764"]
[WhiteElo "2025"]
[BlackElo "1994"]
[Result "1-0"]
[Round "07"]
[TimeControl "180+1"]
[Date "2022.11.09"]
[WhiteClock "0:00:45"]
[BlackClock "0:00:01"]

1. c4 Nf6 2. Nc3 g6 3. g3 Bg7 4. Bg2 O-O 5. e4 Nc6 6. Nge2 e5 7. O-O d6 8. d3 Nh5 9. Be3 f5 10. exf5 gxf5 11. f4 Nf6 12. Nd5 Ng4 13. Bd2 Ne7 14. h3 Nf6 15. Nxe7+ Qxe7 16. fxe5 dxe5 17. Bg5 h6 18. Bh4 Qc5+ 19. Kh2 e4 20. d4 Qxc4 21. Rc1 Qd3 22. Rxc7 Nd5 23. Rxg7+ Kxg7 24. Qe1 Ne3 25. Rf2 Nxg2 26. Rxg2 Bd7 27. Qb4 Bc6 28. Nf4 Qf3 29. Qd6 Rf7 30. Qg6+ Kf8 31. Qxh6+ Ke8 32. Qe6+ Kf8 33. d5 Bd7 34. Qh6+ Ke8 35. Qh8+ Rf8 36. Qe5+ Kf7 37. Qe7+ Kg8 38. Qxd7 Rf7 39. Qe6 Rf8 40. Ng6 Rc8 41. Ne7+ Kf8 42. Nxc8 Qd3 43. Qh6+ Ke8 44. Nd6+ Kd7 45. Nxf7 Qxd5 46. Ng5 1-0


[Site "https://www.chess.com"]

[Event "Titled Tuesday Blitz November 08 Late 2022"]
[White "Romanchuk, Viktor"]
[Black "Poliakova, Varvara"]
[WhiteFideId "14109271"]
[BlackFideId "13518313"]
[WhiteElo "2242"]
[BlackElo "2099"]
[Result "1-0"]
[Round "07"]
[TimeControl "180+1"]
[Date "2022.11.09"]
[WhiteClock "0:00:02"]
[BlackClock "0:00:04"]

1. d4 f5 2. Nc3 d5 3. f3 Nf6 4. Bg5 e6 5. e4 Be7 6. exf5 exf5 7. Bd3 O-O 8. Nge2 c6 9. Qd2 b5 10. O-O-O a5 11. Nf4 a4 12. Rde1 b4 13. Nb1 b3 14. cxb3 axb3 15. axb3 Na6 16. Qe2 Rf7 17. Nc3 Nb4 18. Bb1 h6 19. Ng6 Bd6 20. Bd2 Ba6 21. Qe6 Nd3+ 22. Bxd3 Bxd3 23. Na4 Bb5 24. Bf4 Bxf4+ 25. Nxf4 Bxa4 26. bxa4 Rxa4 27. Ng6 Rc4+ 28. Kb1 Qd7 29. Ne7+ Kf8 30. Nxf5 Qxe6 31. Rxe6 Ra7 32. Rhe1 Rca4 33. R1e2 Kf7 34. Rxc6 Ra1+ 35. Kc2 R1a4 36. Nd6+ Kg6 37. g3 Ra8 38. Ne8 Rxd4 39. Nxf6 gxf6 40. Ree6 Rc4+ 41. Rxc4 dxc4 42. Rc6 Re8 43. Rxc4 Re2+ 44. Kc3 Rxh2 45. b4 Rg2 46. Rg4+ Kf5 47. b5 h5 48. Rf4+ Kg5 49. b6 Rg1 50. Rb4 Rc1+ 51. Kd4 Rc8 52. b7 Rb8 53. Kd5 f5 54. Kc6 f4 55. gxf4+ Kf5 56. Kc7 1-0


[Site "https://www.chess.com"]

[Event "Titled Tuesday Blitz November 08 Late 2022"]
[White "Rose, Felix"]
[Black "Bibilashvili, Lali"]
[WhiteFideId "5105722"]
[BlackFideId "13604236"]
[WhiteElo "2039"]
[BlackElo "1819"]
[Result "1-0"]
[Round "07"]
[TimeControl "180+1"]
[Date "2022.11.09"]
[WhiteClock "0:00:36"]
[BlackClock "0:00:11"]

1. d4 Nf6 2. Nc3 g6 3. e4 d6 4. Nf3 Bg7 5. h3 O-O 6. Be3 c6 7. a4 Nbd7 8. Qd2 e5 9. dxe5 dxe5 10. Bc4 Qc7 11. O-O Nb6 12. Bb3 Be6 13. Bxe6 fxe6 14. b3 Rad8 15. Qe2 Nc8 16. Qc4 Rde8 17. Bc5 Rf7 18. Ng5 b6 19. Ba3 c5 20. Nxf7 Kxf7 21. Rad1 Nd6 22. Qe2 Nh5 23. Nb5 Nxb5 24. Qxb5 Re7 25. b4 c4 26. g3 Bh6 27. Bc1 Bxc1 28. Rxc1 Nf6 29. Rfe1 Kg7 30. Rcd1 Rf7 31. Kg2 h6 32. a5 bxa5 33. Qxa5 Qb7 34. Qxe5 Kh7 35. c3 Qb6 36. Rd6 Nxe4 37. Rxb6 Rxf2+ 38. Kg1 axb6 39. Rxe4 1-0


[Site "https://www.chess.com"]

[Event "Titled Tuesday Blitz November 08 Late 2022"]
[White "Roux, Baptiste"]
[Black "Onslow, Alfie"]
[WhiteFideId "36017450"]
[BlackFideId "436976"]
[WhiteElo "2077"]
[BlackElo "2015"]
[Result "1-0"]
[Round "07"]
[TimeControl "180+1"]
[Date "2022.11.09"]
[WhiteClock "0:00:22"]
[BlackClock "0:00:04"]

1. d4 Nf6 2. Bf4 c5 3. d5 b5 4. f3 d6 5. e4 b4 6. a3 g6 7. Nd2 Bg7 8. Nc4 O-O 9. axb4 cxb4 10. Bd3 a5 11. Ne2 Nbd7 12. O-O Nc5 13. Be3 Qc7 14. Nd4 Bd7 15. Qe2 a4 16. Nd2 Rfc8 17. Bb5 Bxb5 18. Qxb5 Rcb8 19. Qe2 Nfd7 20. c3 bxc3 21. bxc3 a3 22. Nc4 Na4 23. Rxa3 Rc8 24. Nc6 Ndc5 25. Bd4 Nxc3 26. Rxc3 Bxd4+ 27. Nxd4 Ra4 28. Nc6 Qb7 29. Rfc1 Kg7 30. Qd2 f6 31. h4 Nb3 32. Qb2 1-0


[Site "https://www.chess.com"]

[Event "Titled Tuesday Blitz November 08 Late 2022"]
[White "Salman, Pavel"]
[Black "Guha, Eshan"]
[WhiteFideId "24153753"]
[BlackFideId "30958628"]
[WhiteElo "2187"]
[BlackElo "2357"]
[Result "0-1"]
[Round "07"]
[TimeControl "180+1"]
[Date "2022.11.09"]
[WhiteClock "0:00:16"]
[BlackClock "0:00:07"]

1. d4 Nf6 2. Nc3 d5 3. Bf4 a6 4. e3 e6 5. Bd3 c5 6. Nf3 Nc6 7. O-O c4 8. Be2 Bd6 9. Ne5 Bxe5 10. Bxe5 Nxe5 11. dxe5 Nd7 12. f4 b5 13. Kh1 Bb7 14. a3 Qb6 15. Qd4 O-O 16. Bf3 Bc6 17. Rad1 a5 18. Qxb6 Nxb6 19. e4 b4 20. Nb1 dxe4 21. Be2 Bd5 22. Rd4 Rfc8 23. f5 Nd7 24. fxe6 fxe6 25. Nd2 Nxe5 26. h3 e3 27. Nf3 Nc6 28. Rxc4 Bxc4 29. Bxc4 Nd4 30. b3 Rxc4 31. bxc4 Nxc2 32. Rc1 b3 33. Rb1 a4 34. Kg1 Rc8 35. Kf1 Rxc4 36. Ke2 Nd4+ 37. Kd3 Nxf3 38. Kxc4 Nd2+ 39. Kd3 Nxb1 40. Kxe3 Nxa3 41. Kd3 b2 0-1


[Site "https://www.chess.com"]

[Event "Titled Tuesday Blitz November 08 Late 2022"]
[White "Sanchez, Robert"]
[Black "Tsukerman, Julia"]
[WhiteFideId "2034360"]
[BlackFideId "2621649"]
[WhiteElo "2302"]
[BlackElo "1667"]
[Result "0-1"]
[Round "07"]
[TimeControl "180+1"]
[Date "2022.11.09"]
[WhiteClock "0:02:48"]
[BlackClock "0:02:24"]

1. e4 c5 2. Nf3 d6 3. d4 cxd4 4. Nxd4 Nf6 5. Nc3 a6 6. Be3 e5 7. Nb3 Be6 8. f3 Be7 9. Qd2 Nbd7 10. O-O-O b5 11. g4 Qc7 12. g5 Nh5 13. Nd5 Bxd5 14. exd5 Rd8 15. Na5 Nc5 16. Nc6 Rd7 17. Bh3 0-1


[Site "https://www.chess.com"]

[Event "Titled Tuesday Blitz November 08 Late 2022"]
[White "Sarana, Alexey"]
[Black "Makarian, Rudik"]
[WhiteFideId "24133795"]
[BlackFideId "44105681"]
[WhiteElo "2708"]
[BlackElo "2423"]
[Result "1-0"]
[Round "07"]
[TimeControl "180+1"]
[Date "2022.11.08"]
[WhiteClock "0:00:44"]
[BlackClock "0:00:03"]

1. c4 g6 2. d4 Bg7 3. e4 d6 4. Nc3 e5 5. Nf3 Nc6 6. d5 Nce7 7. Be2 Bh6 8. h4 Bxc1 9. Qxc1 h5 10. c5 Bg4 11. Ng5 dxc5 12. Bxg4 hxg4 13. Nb5 a6 14. Na3 Nc8 15. Qxc5 Nd6 16. Rc1 Rc8 17. Nc4 Nxc4 18. Rxc4 Ne7 19. g3 Qd6 20. O-O Qxc5 21. Rxc5 Rf8 22. Nh7 Kd7 23. Nxf8+ Rxf8 24. Rfc1 Rc8 25. b4 Kd6 26. a4 f6 27. b5 axb5 28. Rxb5 b6 29. a5 bxa5 30. Rxa5 Kd7 31. Ra7 f5 32. Rc4 Ng8 33. Rc6 Ne7 34. Re6 fxe4 35. Rxe5 Rb8 36. Rxc7+ Kxc7 37. Rxe7+ Kd6 38. Rxe4 1-0


[Site "https://www.chess.com"]

[Event "Titled Tuesday Blitz November 08 Late 2022"]
[White "Sargsyan, Anna M."]
[Black "Martinez Alcantara, Jose Eduardo"]
[WhiteFideId "13308130"]
[BlackFideId "3805662"]
[WhiteElo "2284"]
[BlackElo "2705"]
[Result "0-1"]
[Round "07"]
[TimeControl "180+1"]
[Date "2022.11.08"]
[WhiteClock "0:00:02"]
[BlackClock "0:01:21"]

1. d4 Nf6 2. c4 e6 3. Nf3 Bb4+ 4. Bd2 Qe7 5. g3 Bxd2+ 6. Qxd2 Nc6 7. Nc3 d5 8. Bg2 O-O 9. O-O dxc4 10. Ne5 Nxe5 11. dxe5 Nd7 12. f4 Nb6 13. Kh1 Bd7 14. e4 Rad8 15. Rae1 Bc6 16. Qf2 Nd7 17. Qxa7 Qc5 18. Qxc5 Nxc5 19. Re2 Rd4 20. Kg1 Rfd8 21. Kf2 b5 22. a3 g5 23. Ke3 Rd3+ 24. Kf2 R3d4 25. Ke3 h6 26. h4 Rd3+ 27. Kf2 gxf4 28. gxf4 Kf8 29. Bf3 Nb3 30. Bh5 Rh3 31. f5 Rxh4 32. Bf3 Nd4 33. Kg3 Nxe2+ 34. Bxe2 Rxe4 35. Nxe4 Bxe4 36. fxe6 Ke7 37. Rxf7+ Kxe6 38. Rxc7 Kxe5 39. Kf2 Kd4 40. Ke1 Rg8 41. Kd2 Bd5 42. Rh7 Rg6 43. Rd7 Kc5 44. Rh7 Rd6 45. Ke3 Re6+ 46. Kd2 Bc6 47. Bg4 Rg6 48. Be2 Kd4 49. Rh8 Rd6 50. Ke1 Ke3 51. Rh7 Re6 52. Rh8 Be4 53. Rg8 Bc6 54. Rh8 Rg6 0-1


[Site "https://www.chess.com"]

[Event "Titled Tuesday Blitz November 08 Late 2022"]
[White "Shankland, Sam"]
[Black "Sebag, Marie"]
[WhiteFideId "2004887"]
[BlackFideId "617822"]
[WhiteElo "2612"]
[BlackElo "2440"]
[Result "1-0"]
[Round "07"]
[TimeControl "180+1"]
[Date "2022.11.08"]
[WhiteClock "0:00:32"]
[BlackClock "0:00:01"]

1. d4 d5 2. c4 e6 3. Nf3 a6 4. c5 Nf6 5. Nc3 b6 6. cxb6 cxb6 7. Bf4 Bd6 8. e3 Bb7 9. Bd3 Bxf4 10. exf4 O-O 11. O-O Nbd7 12. Qe2 Rc8 13. Bxa6 Bxa6 14. Qxa6 Qc7 15. g3 Qc4 16. Qxc4 Rxc4 17. Rfc1 Rfc8 18. Ne2 Kf8 19. Rxc4 dxc4 20. Nc3 Nd5 21. Nd2 Nxc3 22. bxc3 Nf6 23. Rc1 Nd5 24. Rc2 b5 25. Kf1 Ra8 26. Ke2 Ke7 27. Nb1 Kd7 28. a3 Kc6 29. Ra2 h6 30. Rc2 Ra7 31. h4 Ra8 32. Kf3 Ra7 33. h5 Ra8 34. g4 Rh8 35. Re2 Kd6 36. Re1 Ra8 37. g5 Rh8 38. Rh1 f6 39. gxf6 Nxf6 40. Nd2 Ra8 41. Nb1 Ra7 42. Ke2 Ra8 43. Kd2 Ra7 44. Kc2 Ne4 45. f3 Nf6 46. Kb2 Nd5 47. Rh4 Rf7 48. Nd2 Rxf4 49. Rh3 Rf5 50. a4 Kc6 51. axb5+ Kxb5 52. Ne4 Ka4 53. Nc5+ Kb5 54. Nxe6 Nf4 55. Nxf4 Rxf4 56. Ka3 Rf5 57. Kb2 Ka4 58. Kc2 Ka3 59. Rh1 Ka2 60. Rh3 Rg5 61. Rh2 Rg3 62. d5 Rxf3 63. d6 Rf8 64. Rd2 Rd8 65. d7 Ka3 66. Rd5 Ka4 67. Kb2 Rb8+ 68. Kc1 Rd8 69. Kc2 1-0


[Site "https://www.chess.com"]

[Event "Titled Tuesday Blitz November 08 Late 2022"]
[White "Shapiro, Daniel"]
[Black "Chernomordik, Pavel"]
[WhiteFideId "2001780"]
[BlackFideId "2804530"]
[WhiteElo "2285"]
[BlackElo "2192"]
[Result "0-1"]
[Round "07"]
[TimeControl "180+1"]
[Date "2022.11.09"]
[WhiteClock "0:00:07"]
[BlackClock "0:01:05"]

1. d4 g6 2. e4 Bg7 3. Nc3 d6 4. h3 a6 5. a4 b6 6. g3 Bb7 7. Bg2 Nd7 8. Nge2 e6 9. Be3 Ne7 10. Qd2 h6 11. O-O c5 12. Rad1 Qc7 13. f4 f5 14. d5 exd5 15. Nxd5 Nxd5 16. exd5 O-O 17. c3 Nf6 18. Rfe1 Rfe8 19. Bf3 Ne4 20. Qc2 Qf7 21. g4 Bxd5 22. gxf5 gxf5 23. Kh2 Bb3 24. Qd3 Bxd1 25. Rxd1 Rad8 26. Rg1 Kh7 27. Qxa6 d5 28. Bc1 Rd6 29. Qd3 Rg6 30. Rf1 Bf6 31. Bxe4 dxe4 32. Qd1 Bh4 33. Be3 Reg8 34. Rg1 Rxg1 35. Bxg1 Qh5 36. Qf1 Rd8 37. a5 bxa5 38. Bxc5 Rd2 0-1


[Site "https://www.chess.com"]

[Event "Titled Tuesday Blitz November 08 Late 2022"]
[White "Sibilio, Mario"]
[Black "Papayan, Oleg"]
[WhiteFideId "800422"]
[BlackFideId "4193911"]
[WhiteElo "2251"]
[BlackElo "2153"]
[Result "1-0"]
[Round "07"]
[TimeControl "180+1"]
[Date "2022.11.09"]
[WhiteClock "0:00:20"]
[BlackClock "0:00:02"]

1. Nf3 Nf6 2. c4 e6 3. d4 d5 4. Nc3 c5 5. cxd5 Nxd5 6. e3 Nc6 7. Bd3 cxd4 8. exd4 b6 9. Bb5 Bd7 10. Nxd5 exd5 11. O-O Be7 12. Bf4 O-O 13. Rc1 Rc8 14. Ba6 Bf6 15. Bxc8 Qxc8 16. Bd6 Re8 17. Ne5 Qb7 18. Re1 Nxe5 19. dxe5 Bd8 20. Rc3 b5 21. b4 Bb6 22. Bc5 Bc7 23. Qd4 Qa6 24. a3 f6 25. f4 fxe5 26. Qxd5+ Be6 27. Qf3 exf4 28. Bd4 Bb6 29. Bxb6 Qxb6+ 30. Qf2 Qd6 31. Rc5 Rb8 32. Rce5 Bc4 33. Qxf4 Qd7 34. Qe4 1-0


[Site "https://www.chess.com"]

[Event "Titled Tuesday Blitz November 08 Late 2022"]
[White "Silva, Caio Henrique Angelico"]
[Black "Zeynalli, Rashad"]
[WhiteFideId "22777210"]
[BlackFideId "13403320"]
[WhiteElo "1990"]
[BlackElo "2125"]
[Result "0-1"]
[Round "07"]
[TimeControl "180+1"]
[Date "2022.11.09"]
[WhiteClock "0:00:54"]
[BlackClock "0:01:35"]

1. Nf3 Nf6 2. g3 e6 3. Bg2 d5 4. O-O Be7 5. d4 O-O 6. c4 dxc4 7. Qc2 b5 8. a4 b4 9. Nfd2 Nd5 10. Nxc4 c5 11. dxc5 Ba6 12. Rd1 Nd7 13. c6 Rc8 14. cxd7 Rxc4 15. Qd2 Qxd7 16. b3 Rcc8 17. Bb2 Rfd8 18. Qe1 Rc2 19. Rd2 Rdc8 20. e4 Rxd2 21. Qxd2 Nb6 22. Qxd7 Nxd7 23. Bd4 Rc1+ 0-1


[Site "https://www.chess.com"]

[Event "Titled Tuesday Blitz November 08 Late 2022"]
[White "Sourath Biswas"]
[Black "Kobo, Ori"]
[WhiteFideId "35091484"]
[BlackFideId "2812320"]
[WhiteElo "2164"]
[BlackElo "2447"]
[Result "1-0"]
[Round "07"]
[TimeControl "180+1"]
[Date "2022.11.09"]
[WhiteClock "0:00:10"]
[BlackClock "0:00:03"]

1. d4 Nf6 2. Bf4 g6 3. Nc3 Bg7 4. e4 d6 5. Qd2 c6 6. O-O-O b5 7. f3 Nbd7 8. e5 b4 9. Nb1 Nd5 10. Bh6 Bxh6 11. Qxh6 dxe5 12. dxe5 Qb6 13. e6 fxe6 14. Qg7 Rf8 15. Qxh7 Ne5 16. Nh3 Qe3+ 17. Nd2 Nc3 18. f4 Nxd1 19. Kxd1 Nf7 20. Qxg6 Bb7 21. Bc4 Rd8 22. Bd3 c5 23. Re1 Qd4 24. Qxe6 Qd6 25. Bb5+ Rd7 26. Bxd7+ Qxd7 27. Qxd7+ Kxd7 28. Re2 Rg8 29. g3 Bd5 30. b3 a5 31. Nf2 a4 32. Nd3 Kd6 33. Ne5 Nxe5 34. Rxe5 axb3 35. axb3 Rh8 36. h4 Rg8 37. Rg5 Ra8 38. Nc4+ Bxc4 39. bxc4 Ra1+ 40. Kd2 Rg1 41. g4 Rg2+ 42. Kc1 Rg1+ 43. Kb2 Rg2 44. h5 Rh2 45. Rg6+ Kd7 46. h6 Rh4 47. g5 Rxf4 48. h7 Rh4 49. Rh6 1-0


[Site "https://www.chess.com"]